 Dungeon Crawl Stone Soup version 0.21-a0-286-g6fcecc0 (webtiles) character file.

324 Ijustatesigmund the Cudgeler (level 6, -4/44 HPs)
             Began as an Octopode Fighter on Sept 26, 2017.
             Slain by an ogre
             ... wielding a +0 giant club
              (24 damage)
             ... on level 4 of the Dungeon.
             The game lasted 00:04:55 (2298 turns).

Ijustatesigmund the Cudgeler (Octopode Fighter)     Turns: 2298, Time: 00:04:56

Health: -4/44      AC:  1    Str: 20    XL:     6   Next: 48%
Magic:  6/6        EV: 12    Int: 10    God:
Gold:   104        SH: 11    Dex: 18    Spells: 5/5 levels left

rFire    . . .     SeeInvis .   a - +0 flail
rCold    . . .     Gourm    .   b - +1 shield
rNeg     . . .     Faith    .   (helmet restricted)
rPois    .         Spirit   .   (no amulet)
rElec    .         Reflect  .   i - +4 ring of dexterity
rCorr    .         Harm     .   j - ring of wizardry
MR       .....                  (no ring)
Stlth    +++.......             (no ring)
HPRegen  0.14/turn              (no ring)
MPRegen  0.10/turn              (no ring)
                                (no ring)
                                (no ring)

@: mighty
A: almost no armour, stealthy swim, amphibious, 8 rings, constrict 8, camouflage
1, gelatinous body 1
a: no special abilities


You were on level 4 of the Dungeon.
You were not hungry.

You visited 1 branch of the dungeon, and saw 4 of its levels.

You collected 104 gold pieces.

Inventory:

Hand Weapons
 a - a +0 flail (weapon)
Armour
 b - a +1 shield (worn)
Jewellery
 i - a +4 ring of dexterity (left tentacle)
 j - a ring of wizardry (right tentacle)
Wands
 g - a wand of digging (13/24)
 k - a wand of clouds (4/9)
Scrolls
 h - 2 scrolls of magic mapping
 p - a scroll of remove curse
 q - a scroll of teleportation
Potions
 e - 2 potions of curing
 f - a potion of lignification
 m - a potion of mutation {unknown}
 n - 2 potions of heal wounds
Comestibles
 d - 3 bread rations
 l - 2 meat rations
 o - a fruit
 r - a royal jelly


   Skills:
 + Level 4.6 Fighting
 * Level 5.5 Maces & Flails
 - Level 3.0 Dodging
 - Level 3.0 Shields


You had 5 spell levels left.
You didn't know any spells.

Dungeon Overview and Level Annotations

Branches:
Dungeon (4/15)
 Temple: D:4-7

Altars:
Xom


Innate Abilities, Weirdness & Mutations

You cannot wear most types of armour.
You are very stealthy in the water. (Stealth+)
You are amphibious.
You can wear up to eight rings at the same time.
You can use your tentacles to constrict eight enemies at once.
Your skin changes colour to match your surroundings (Stealth+).
Your rubbery body absorbs attacks. (AC +1, EV +1)


Message History

HP restored.
An ogre comes into view. It is wielding a giant club.
The ogre shouts!
The ogre hits you with a giant club!!
Ouch! That really hurt!
You are too injured to fight recklessly!
You are too injured to fight recklessly!
You are too injured to fight recklessly!
You are too injured to fight recklessly!
You are too injured to fight recklessly!
You are too injured to fight recklessly!
You are too injured to fight recklessly!
You feel very mighty all of a sudden.
A leopard gecko comes into view.
The leopard gecko hisses angrily.
You sock the ogre!
The ogre is heavily wounded.
The ogre hits you with a giant club!!
Ouch! That really hurt!
You die...

..... l... ..... ...#
..... #..# ..... ..## ..
..... ## # ...# ...
..... ...#. #..###..#
..... #..#.##O......#
##### .......@......# #
.....#....###.## ##
..............[# ######.
......>.......... ...#..
.#####..##...##.####....
###....#........[....
#......##.##.........
.....#....#..####.#...#.
##[..##.....##..........


You could see an ogre and a leopard gecko.

Vanquished Creatures
  4 crimson imps (D:3)
  A hound (D:4)
  Ijyb (D:3)
  An iguana (D:4)
  4 adders
  A worm (D:2)
  A dart slug (D:4)
  3 leopard geckos
  2 orcs
  A ball python (D:1)
  6 bats
  4 giant cockroaches
  6 hobgoblins
  8 kobolds
  A quokka (D:2)
  4 frilled lizards
  8 goblins
  A leopard gecko skeleton (D:4)
  12 rats
69 creatures vanquished.

Notes
Turn   | Place    | Note
-------+----------+-------------------------------------------
     0 | D:1      | Ijustatesigmund the Octopode Fighter began the quest for the Orb.
     0 | D:1      | Reached XP level 1. HP: 16/16 MP: 1/1
    84 | D:1      | Reached XP level 2. HP: 10/21 MP: 2/2
   773 | D:2      | Reached skill level 3 in Maces & Flails
   773 | D:2      | Reached XP level 3. HP: 26/26 MP: 3/3
  1207 | D:2      | Reached XP level 4. HP: 31/32 MP: 4/4
  1514 | D:3      | Found a shimmering altar of Xom.
  1526 | D:3      | Reached skill level 4 in Maces & Flails
  1543 | D:3      | Reached XP level 5. HP: 20/37 MP: 5/5
  1780 | D:3      | Reached skill level 5 in Maces & Flails
  1835 | D:3      | Noticed Ijyb
  1845 | D:3      | Killed Ijyb
  1845 | D:3      | Reached XP level 6. HP: 41/44 MP: 6/6
  2298 | D:4      | Slain by an ogre

Vault maps used:
D:1:      sevenhm_arrival_forest_fort_large_2
D:2:      minmay_misc_feat_secret_circle
D:3:      amethyst_killhole, led_xom_imps, uniq_ijyb
D:4:      first_bread

Skill      XL: |  1  2  3  4  5 |
---------------+----------------+-----
Maces & Flails | 3 4 5 |  5.5
Fighting       | 4 |  4.6
Dodging        | |  3.0
Shields        | |  3.0

Action                   |  1- 3 |  4- 6 || total
-------------------------+-------+-------++-------
Melee: Flail             |    62 |    82 ||   144
       Constrict         |    17 |    26 ||    43
       Tentacles         |     8 |    17 ||    25
  Use: Scroll            |     7 |     3 ||    10
       Potion            |       |     1 ||     1
 Stab: Sleeping          |     3 |     4 ||     7
       Distracted        |       |     1 ||     1
  Eat: Chunk             |     1 |     4 ||     5
Armor: Skin              |     6 |     4 ||    10
Dodge: Dodged            |    30 |    25 ||    55
Block: Shield            |    27 |    31 ||    58

Table legend:
 A = Spawn XP
 B = Non-spawn XP
 C = Spawn XP percentage of total XP
 D = Spawn monster count
 E = Non-spawn monster count
 F = Spawn count percentage of total count
 G = Total turns spent on level
                    A         B        C        D         E        F      G
               +---------+---------+-------+---------+---------+-------+---------
         Total |       0 |     463 |   0.0 |       0 |      69 |   0.0 |  2298
               +---------+---------+-------+---------+---------+-------+---------
           D:1 |       0 |      24 |   0.0 |       0 |      15 |   0.0 |   702
           D:2 |       0 |      63 |   0.0 |       0 |      22 |   0.0 |   780
           D:3 |       0 |     271 |   0.0 |       0 |      25 |   0.0 |   636
           D:4 |       0 |     105 |   0.0 |       0 |       7 |   0.0 |   180
               +---------+---------+-------+---------+---------+-------+---------
